AoeStats
← Toni

Arabia

508842599Analyzed
1v1 RM · 6d ago on Sep 24, 2026· 23m 20s· 2 players
Game mode
Random Map
Map size
Tiny (2 player)
Population
200
Speed
Normal
Resources
Standard
Victory
Conquest
Starting age
Dark Age
Ending age
Imperial Age
RankedLock teamsTeams togetherTeam positionsShared explorationLock speedFull tech treeHidden civsTurbo modeCheats
Victory
Defeat
🇫🇷 Wei · France
839
+25
🇷🇴 Hindustanis · Romania
796
-14
Toni
11:10 Feudal Age
11:58 Double-Bit Axe
12:10 Horse Collar
19:48 Man-at-Arms
simongarnier07
10:42 Feudal Age
9:00 Loom
12:42 Wheelbarrow
11:59 Man-at-Arms
14:45 Arson
16:00 Scale Mail Armor
16:51 Double-Bit Axe
19:23 Gold Mining
21:01 Forging
21:23 Horse Collar
25:22 Castle Age
23:10 Town Watch
23:43 Bloodlines
Connection lost

Rejoining the realm…

Still unreachable

The connection could not be restored.

Session expired

The server has moved on; the page needs a fresh start.